 Dungeon Crawl Stone Soup version 0.31.0-4-g52a2dc7128 (webtiles) character file.

Game seed: 15792637595181949804

5 DemonSlayer the Digger (level 1, 0/13 HPs)
             Began as a Demonspawn Earth Elementalist on Jan 22, 2024.
             Slain by a goblin
             ... wielding a +0 club
              (3 damage)
             ... on level 1 of the Dungeon.
             The game lasted 00:00:19 (117 turns).

DemonSlayer the Digger (DsEE)                        Turns: 117, Time: 00:00:19

Health: 0/13       AC:  2    Str:  8    XL:     1   Next: 66%
Magic:  1/3        EV: 12    Int: 15    God:
Gold:   23         SH:  0    Dex: 13    Spells: 3/4 levels left

rFire   . . .        (no weapon)
rCold   . . .        (no shield)
rNeg    . . .        a - +0 robe
rPois   .            (no helmet)
rElec   .            (no cloak)
rCorr   .            (no gloves)
SInv    .            (no boots)
Will    .....        (no amulet)
Stlth   ++           (no ring)
HPRegen 0.22/turn    (no ring)
MPRegen 0.08/turn

%: no passive effects
@: lethally poisoned (0 -> -16)
A: no striking features
a: no special abilities


You were on level 1 of the Dungeon.
You visited 1 branch of the dungeon, and saw 1 of its levels.

You collected 23 gold pieces.

Inventory:

Armour
 a - a +0 robe (worn)


   Skills:
 + Level 1.7 Dodging
 + Level 1.7 Stealth
 + Level 2.1 Spellcasting
 + Level 1.0 Conjurations
 + Level 3.0 Earth Magic


You had 3 spell levels left.
You knew the following spells:

 Your Spells              Type           Power      Damage    Failure   Level
a - Sandblast             Erth           20%        2d7       6%          1

Your spell library contained the following spells:

 Spells                   Type           Power      Damage    Failure   Level
 Passwall                 Erth           10%        N/A       19%         3
 Stone Arrow              Conj/Erth      14%        3d7       28%         3
 Brom's Barrelling Bould  Conj/Erth      7%         2d3       67%         4
 Petrify                  Alch/Erth      6%         N/A       75%         4


Dungeon Overview and Level Annotations

Branches:
Dungeon (1/15)

Altars:


Message History

A bat comes into view.
The frilled lizard hisses angrily.
The kobold throws a stone.
The stone hits you.
The blast of sand hits the giant cockroach.
The giant cockroach is severely wounded.
The giant cockroach bites you but does no damage.
The giant cockroach closely misses you.
You hit the giant cockroach but do no damage.
The giant cockroach is severely wounded.
The giant cockroach barely misses you. The bat barely misses you.
The kobold misses you.
A goblin comes into view. It is wielding a +0 club.
The blast of sand hits the giant cockroach.
You kill the giant cockroach!
The bat barely misses you. The kobold hits you but does no damage.
You are poisoned.
The frilled lizard barely misses you. The kobold hits you but does no damage.
You are more poisoned.
The frilled lizard closely misses you.
Your Earth Magic skill increases to level 3!
You are out of magic!
You are out of magic!
Magic courses through your body.
You feel very sick.
The bat barely misses you. x2; The kobold closely misses you.
The frilled lizard closely misses you.
The blast of sand misses the frilled lizard.
You feel very sick. The bat closely misses you. The kobold barely misses you.
The frilled lizard barely misses you.
The blast of sand hits the frilled lizard!
You kill the frilled lizard!
You feel sick. The bat hits you but does no damage.
The goblin completely misses you. The kobold closely misses you.
The kobold hits you with a +1 dagger of venom.
* * * LOW HITPOINT WARNING * * *
You are more poisoned.
A frilled lizard comes into view.
The goblin hits you with a +0 club.
You die...

)##.# #.....# .##.#
#.....# .##.# #.....#
.##.###.....###########
.##......†............##
.#####..#...............
.'.....>#.............#.
.#####..#....[..........
).......#.......@..###.
#.......#......†Kg.#
#.......########.b##
#.......# ##.# #.......#
.. #.......# .#.
.#####..# .##. '### ....
.l ...# ...


You could see a goblin, a bat, a kobold and a frilled lizard (wandering).

Vanquished Creatures
  2 giant cockroaches (D:1)
  A goblin (D:1)
  A quokka (D:1)
  A frilled lizard (D:1)
5 creatures vanquished.

Notes
Turn   | Place    | Note
-------+----------+-------------------------------------------
     0 | D:1      | DemonSlayer the Demonspawn Earth Elementalist began the
                  | quest for the Orb.
     0 | D:1      | Reached XP level 1. HP: 13/13 MP: 3/3
   115 | D:1      | Reached skill level 3 in Earth Magic
   117 | D:1      | Slain by a goblin

Illustrated notes

Levels and vault maps discovered:
D:1:      shiori_shiawase, layout_basic, minmay_ruptured

Skill      XL: |  1 |
---------------+----+-----
Earth Magic    | 3 |  3.0
Dodging        | |  1.7
Stealth        | |  1.7
Spellcasting   | |  2.1
Conjurations   | |  1.0

Action                     || total
---------------------------++-------
  Melee: Unarmed           ||     1
   Cast: Sandblast         ||     8
    Use: Potion            ||     1
 Armour: Robe              ||     7
  Dodge: Dodged            ||    17
